 Dungeon Crawl Stone Soup version 0.30-a0-371-gad7725a93e (webtiles) character file.

Game seed: 14148875536551893397

295 mopl the Sneak (level 6, -6/42 HPs)
             Began as an Octopode Brigand on Nov 20, 2022.
             Mangled by a killer bee (9 damage)
             ... on level 4 of the Dungeon.
             The game lasted 00:03:36 (2531 turns).

mopl the Sneak (Octopode Brigand)                   Turns: 2531, Time: 00:03:37

Health: -6/42      AC:  1    Str: 10    XL:     6   Next: 34%
Magic:  6/6        EV: 12    Int: 15    God:
Gold:   196        SH:  0    Dex: 14    Spells: 5/5 levels left

rFire   . . .      SeeInvis .    a - +2 dagger
rCold   . . .      Faith    .    (no shield)
rNeg    . . .      Spirit   .    (helmet restricted)
rPois   .          Reflect  .    f - amulet of the acrobat
rElec   .          Harm     .    (no ring)
rCorr   .          Rampage  .    (no ring)
Will    .....                    (no ring)
Stlth   ++++......               (no ring)
HPRegen 0.27/turn                (no ring)
MPRegen 0.10/turn                (no ring)
                                 (no ring)
                                 (no ring)

@: lethally poisoned (-6 -> -20)
A: almost no armour, amphibious, 8 rings, camouflage 1, gelatinous body 1,
(nimble swimmer 1), tentacles
a: no special abilities


You were on level 4 of the Dungeon.
You visited 1 branch of the dungeon, and saw 4 of its levels.
You also visited: Sewer.

You collected 196 gold pieces.

Inventory:

Hand Weapons
 a - a +2 dagger (weapon)
Missiles
 b - 29 poisoned darts (quivered)
 c - 3 curare-tipped darts
 s - 3 boomerangs
Jewellery
 f - an amulet of the acrobat (around mantle)
Wands
 u - a wand of roots (10)
Scrolls
 d - 2 scrolls of poison {unknown}
 e - a scroll of butterflies {unknown}
 g - 2 scrolls of summoning {unknown}
 h - a scroll of vulnerability {unknown}
 i - 3 scrolls of identify {unknown}
 j - 2 scrolls of noise {unknown}
 k - 5 scrolls of teleportation {unknown}
 n - 2 scrolls of enchant armour {unknown}
 o - a scroll of magic mapping {unknown}
 p - a scroll of acquirement {unknown}
 v - a scroll of fear {unknown}
Potions
 l - 2 potions of curing
 m - 2 potions of brilliance
 q - a potion of resistance {unknown}
 r - a potion of degeneration {unknown}
 t - a potion of attraction {unknown}


   Skills:
 + Level 3.6 Fighting
 - Level 2.0(2.7) Short Blades
 + Level 2.8(3.1) Long Blades
 + Level 3.6 Throwing
 - Level 1.0 Dodging
 + Level 6.9 Stealth


You had 5 spell levels left.
You didn't know any spells.
Your spell library contained the following spells:

 Spells                   Type           Power      Damage    Failure   Level
 Vhi's Electric Charge    Tloc/Air       0%         N/A       63%         3
 Arcjolt                  Conj/Air       0%         1d10      100%        5
 Maxwell's Capacitive Co  Air            0%         ∞         100%        8


Dungeon Overview and Level Annotations

Branches:
Dungeon (4/15)              Sewer (visited)
 Temple: D:4-7

Altars:
Fedhas
Nemelex Xobeh
Xom


Innate Abilities, Weirdness & Mutations

You cannot wear most types of armour.
You are amphibious.
You can wear up to eight rings at the same time.
Your skin changes colour to match your surroundings (Stealth+).
Your rubbery body absorbs attacks. (AC +1, EV +1)
((You are camouflaged when in or above water. (Stealth+)))
You have tentacles for arms and can constrict up to eight enemies at once.


Message History

There is a fountain of clear blue water here.
You open the door.
There is an open door here.
You open the door.
Nemelex Xobeh says, "Care for a little wager, mortal?" "Beware!
This is a limited time offer!"
Found 8 stones and a scroll labelled BILAFA NAMPAD.
Found a sparkling altar of Nemelex Xobeh.
Found a transporter.
No reachable target in view!
Found 11 gold pieces.
There is an open door here.
Found a box of beasts.
There is a sparkling altar of Nemelex Xobeh here.
There is a transporter here.
Nemelex Xobeh says, "You lose!"
A transporter appears.
You enter the transporter and appear at another place.
The killer bee stings you.
It was a potion of curing.
You feel better. The killer bee stings you.
You are poisoned.
The killer bee poisons you! The killer bee closely misses you.
You feel sick. The killer bee stings you.
You are more poisoned.
The killer bee poisons you! The killer bee completely misses you.
Unknown command.
You feel very sick. The ice beast closely misses you.
The killer bee closely misses you.
You feel very sick. The ice beast completely misses you.
The killer bee completely misses you.
The killer bee attacks as you move away!
The killer bee closely misses you.
You feel sick. The killer bee stings you.
There is a transporter, spattered with blood here.
You enter the transporter and appear at another place.
You feel sick. The killer bee stings you.
You are more poisoned.
The killer bee poisons you! The ice beast hits you. The ice beast freezes you!
* * * LOW HITPOINT WARNING * * *
The killer bee stings you!
You die...

#...#.## #...#..#
######'##
▓▓▓▓▓▓...▓▓▓▓▓▓▓
▓⌠...⌠▓...▓⌠.§.⌠▓
▓.}...▓...▓.....▓
▓.$8(.▓...▓.....▓
▓...?.▓.yY▓.....▓
▓⌠...⌠▓§@§▓⌠.©.⌠▓
▓▓▓▓▓▓▓###▓▓▓▓▓▓▓


You could see an ice beast and a killer bee.

Vanquished Creatures
  A hound (D:4)
  Natasha (thrice) (D:2)
  A hell rat (Sewer)
  4 river rats
  5 adders
  2 worms
  3 dart slugs
  3 orcs (D:3)
  7 ball pythons
  4 bats
  3 endoplasms
  5 giant cockroaches
  10 goblins
  3 hobgoblins
  3 quokkas
  8 kobolds
  17 rats
  A spectral hobgoblin (D:1)
83 creatures vanquished.

Notes
Turn   | Place    | Note
-------+----------+-------------------------------------------
     0 | D:1      | mopl the Octopode Brigand began the quest for the Orb.
     0 | D:1      | Reached XP level 1. HP: 14/14 MP: 1/1
   120 | D:1      | Reached XP level 2. HP: 19/19 MP: 2/2
   132 | D:1      | Found a faded altar of an unknown god.
   297 | D:1      | Reached skill level 1 in Long Blades
   326 | D:1      | Reached XP level 3. HP: 25/25 MP: 3/3
  1059 | D:2      | Noticed Natasha
  1063 | D:2      | Killed Natasha
  1064 | D:2      | Reached skill level 6 in Stealth
  1064 | D:2      | Reached XP level 4. HP: 30/30 MP: 4/4
  1449 | D:2      | Noticed Natasha
  1458 | D:2      | Killed Natasha
  1503 | D:2      | Noticed Natasha
  1511 | D:2      | Killed Natasha
  1512 | D:2      | Reached skill level 3 in Fighting
  1512 | D:2      | Reached skill level 2 in Long Blades
  1512 | D:2      | Reached skill level 3 in Throwing
  1512 | D:2      | Reached XP level 5. HP: 19/36 MP: 5/5
  1824 | D:3      | Found a glowing drain.
  1831 | Sewer    | Entered a sewer
  1881 | Sewer    | Reached XP level 6. HP: 42/42 MP: 6/6
  2005 | D:3      | Found a blossoming altar of Fedhas.
  2465 | D:4      | Found a shimmering altar of Xom.
  2466 | D:4      | Found a shimmering altar of Xom.
  2467 | D:4      | Found a shimmering altar of Xom.
  2467 | D:4      | Found a shimmering altar of Xom.
  2467 | D:4      | Found a shimmering altar of Xom.
  2517 | D:4      | Found a sparkling altar of Nemelex Xobeh.
  2517 | D:4      | Found a transporter.
  2517 | D:4      | Noticed an ice beast
  2531 | D:4      | Mangled by a killer bee

Illustrated notes

Levels and vault maps discovered:
D:1:      psy_arrival_fountain, layout_loops_ring,
          dreamdust_ecumenical_altar_drowned_temple
D:2:      layout_loops_ring, kennysheep_pointless_box, uniq_natasha
D:3:      layout_basic, fedhas_altar_2, gup_sewer_entry_bubbles
D:4:      layout_basic, xom_redecorated, fiery_altar_vehumet,
          grunt_nemelex_the_gamble, minmay_temple_entry_grid,
          minmay_misc_feat_encased

Skill      XL: |  1  2  3  4 |
---------------+-------------+-----
Long Blades    | 1 2 |  2.8
Stealth        | 6 |  6.9
Fighting       | 3 |  3.6
Throwing       | 3 |  3.6
Short Blades   | |  2.0
Dodging        | |  1.0

Action                   |  1- 3 |  4- 6 || total
-------------------------+-------+-------++-------
Melee: Dagger            |    51 |    77 ||   128
       Constrict         |     8 |    18 ||    26
       Tentacles         |     5 |     9 ||    14
       Punch             |     1 |       ||     1
  Use: Potion            |       |     1 ||     1
 Stab: Sleeping          |    19 |    27 ||    46
       Distracted        |       |     1 ||     1
Armor: Skin              |     1 |       ||     1
Dodge: Dodged            |    23 |    41 ||    64

Table legend: (Time is in decaauts)
 A = Elapsed time spent in this place.
 B = Non-inter-level travel time spent in this place.
 C = Inter-level travel time spent in this place.
 D = Time resting spent in this place.
 E = Time spent auto-exploring this place.
 F = Levels seen in this place.
 G = Mean time per level.
                   A        B        C        D        E       F      G
               +--------+--------+--------+--------+--------+-----+--------+
         Total |   2521 |   2441 |     80 |    171 |   1621 |   5 |  504.2 |
       Dungeon |   2455 |   2375 |     80 |    171 |   1610 |   4 |  613.8 |
         Sewer |     66 |     66 |      0 |      0 |     11 |   1 |   66.0 |
               +--------+--------+--------+--------+--------+-----+--------+

Top non-repeatable levels by time:
     D:1: 812 daAuts
     D:2: 792 daAuts
     D:3: 699 daAuts
     D:4: 150 daAuts
   Sewer: 66 daAuts
